 Dungeon Crawl Stone Soup version bcrawl-1.13 (webtiles) character file.

Game seed: 4195509700787329995

98 Ebbett the Stinger (level 4, -6/40 HPs)
             Began as a Fairy Venom Mage on July 25, 2019.
             Mangled by a worm (8 damage)
             ... on level 3 of the Dungeon.
             The game lasted 00:05:22 (1759 turns).

Ebbett the Stinger (Fairy Venom Mage)               Turns: 1759, Time: 00:05:22

Health: -6/40      AC:  4    Str: 11    XL:     4   Next: 71%
Magic:  12/12      EV: 17    Int: 20    God:
Gold:   80         SH:  4    Dex: 12    Spells: 10/11 levels left

rFire    . . .     SeeInvis .   j - +3 quarterstaff (chaos)
rCold    . . .     Gourm    .   (shield currently unavailable)
rNeg     . . .     Faith    .   (armour unavailable)
rPois    .         Spirit   .   (no helmet)
rElec    .         Reflect  .   (no cloak)
rCorr    .         Harm     .   (no gloves)
MR       .....                  (no boots)
Stlth    ..........             (no amulet)
HPRegen  0.13/turn              (no ring)
MPRegen  0.13/turn              (no ring)

@: berserking, flying evasively, very slightly contaminated, very quick
A: small, magic attunement, unstealthy, unfitting armour, able to fly, AC/SH +4
a: Stop Flying


You were on level 3 of the Dungeon.
You were not hungry.

You visited 1 branch of the dungeon, and saw 3 of its levels.

You collected 80 gold pieces.

Inventory:

Hand Weapons
 j - a +3 quarterstaff of chaos (weapon)
 l - a +2 falchion of electrocution
Jewellery
 m - an uncursed amulet of rage {unknown}
Scrolls
 a - a scroll of enchant weapon {unknown}
 e - 2 scrolls of remove curse {unknown}
 g - a scroll of amnesia {unknown}
 n - a scroll of immolation {unknown}
 o - a scroll of identify {unknown}
Potions
 b - a potion of berserk rage
 c - a potion of degeneration
 f - 3 potions of magic {unknown}
 h - 2 potions of heal wounds {unknown}
 i - a potion of curing {unknown}
 k - a potion of invisibility {unknown}
Comestibles
 d - 3 rations {!d}


   Skills:
 + Level 3.3 Dodging
 + Level 1.9 Stealth
 + Level 4.0 Spellcasting
 + Level 2.7 Conjurations
 + Level 4.4 Poison Magic


You had 10 spell levels left.
You knew the following spells:

 Your Spells              Type           Power        Failure   Level  Hunger
a - Sting                 Conj/Pois      ###.         3%          1    None

Your spell library contained the following spells:

 Spells                   Type           Power        Failure   Level  Hunger
 Poisonous Vapours        Pois/Air       ##....       8%          2    None
 Olgreb's Toxic Radiance  Pois           ###.....     21%         4    None
 Ignite Poison            Fire/Tmut/Pois #.......     22%         3    None
 Summon Scorpions         Summ/Pois      ##......     45%         4    None
 Venom Bolt               Conj/Pois      ###.......   63%         5    None


Dungeon Overview and Level Annotations

Branches:
Dungeon (3/12)

Altars:
Dithmenos


Innate Abilities, Weirdness & Mutations

Your spells do not cause hunger and MP costs are reduced by 1.
Your bright wings attract enemies. (Stealth-)
You cannot fit into any form of body armour.
Your shimmering scales are hard and can block incoming attacks. (AC +4, SH +4)
You are small and have problems with some larger weapons.
You can fly continuously.


Message History

Aim: an adder (moderately wounded, poisoned)
The sting hits the adder.
The adder looks even sicker.
The adder is severely wounded.
The adder barely misses you.
Casting: Sting (safe; 3% risk of failure)
Confirm with . or Enter, or press ? or * to list all spells.
Aiming: Sting (safe; 3% risk of failure)
Press: ? - help, Shift-Dir - straight line, f/p - adder
Aim: an adder (severely wounded, poisoned)
The sting hits the adder.
The adder looks even sicker.
The adder is almost dead.
You kill the adder!
A red film seems to cover your vision as you go berserk!
You feel yourself moving faster!
You feel mighty! The worm closely misses you.
You barely miss the worm.
The worm is lightly wounded.
You sock the worm!
The worm looks as sick as possible!
The worm is severely wounded.
The worm bites you!
You die...

.# #.#.#
##########.[.......#
.# #.# #....###...
)# .# #....# .#
#....# ## #....#
#....# #....#
#######....#
#..@†......#
#...w....†.#
#...........#
#...........#
#............#
#..........#.#
############... #..


You could see a worm.

Vanquished Creatures
  Crazy Yiuf (D:2)
  2 adders (D:3)
  5 worms
  A dart slug (D:2)
  3 leopard geckos
  2 orcs (D:3)
  3 goblins (D:1)
  3 hobgoblins (D:1)
  8 kobolds
  A quokka (D:2)
  2 bats
  6 rats
37 creatures vanquished.

Notes
Turn   | Place    | Note
-------+----------+-------------------------------------------
     0 | D:1      | Ebbett the Fairy Venom Mage began the quest for the Orb.
     0 | D:1      | Reached XP level 1. HP: 11/11 MP: 6/6
   115 | D:1      | Reached XP level 2. HP: 17/17 MP: 7/7
   539 | D:2      | Reached XP level 3. HP: 13/21 MP: 9/9
   749 | D:2      | Found a runed door.
  1257 | D:2      | Noticed Crazy Yiuf
  1266 | D:2      | Killed Crazy Yiuf
  1266 | D:2      | Reached XP level 4. HP: 27/27 MP: 9/11
  1567 | D:3      | Found a shadowy altar of Dithmenos.
  1753 | D:3      | HP: 1/27 [adder (3)]
  1759 | D:3      | Mangled by a worm

Skill      XL: |  1  2  3  4 |
---------------+-------------+-----
Dodging        | 3 |  3.3
Poison Magic   | 4 |  4.4
Spellcasting   | 3 4 |  4.0
Conjurations   | 2 |  2.7
Stealth        | |  1.9

Action                   |  1- 3 |  4- 6 || total
-------------------------+-------+-------++-------
Melee: Quarterstaff      |       |     2 ||     2
 Cast: Sting             |    58 |    34 ||    92
  Use: Potion            |       |     1 ||     1
  Eat: Ration            |       |     1 ||     1
Armor: Skin              |     1 |     1 ||     2
Dodge: Dodged            |    11 |     8 ||    19
Block: Other             |     5 |     2 ||     7
